 Dungeon Crawl Stone Soup version 0.25-a0-265-g7af84ae0ac (webtiles) character file.

Game seed: 15220119004530838999, levelgen mode: deterministic

122 floatRand the Shield-Bearer (level 4, 0/35 HPs)
             Began as a Demonspawn Fighter on Dec 7, 2019.
             Killed from afar by an orc wizard (2 damage)
             ... with a magic dart
             ... on level 3 of the Dungeon.
             The game lasted 00:03:21 (2258 turns).

floatRand the Shield-Bearer (Demonspawn Fighter)    Turns: 2258, Time: 00:03:21

Health: 0/35       AC:  7    Str: 18    XL:     4   Next: 78%
Magic:  4/4        EV:  7    Int: 10    God:
Gold:   97         SH:  9    Dex: 13    Spells: 3/3 levels left

rFire    . . .     SeeInvis .   a - +0 trident
rCold    . . .     Gourm    .   c - +0 shield
rNeg     . . .     Faith    .   b - +0 scale mail
rPois    .         Spirit   .   (helmet restricted)
rElec    .         Reflect  .   (no cloak)
rCorr    .         Harm     .   j - +0 pair of gloves
MR       .....                  (no boots)
Stlth    ..........             (no amulet)
HPRegen  0.11/turn              i - ring of wizardry
MPRegen  0.09/turn              p - -3 ring of strength (curse)

@: mighty
A: horns 1
a: no special abilities


You were on level 3 of the Dungeon.
You were not hungry.

You visited 1 branch of the dungeon, and saw 3 of its levels.

You collected 97 gold pieces.

Inventory:

Hand Weapons
 a - a +0 trident (weapon)
 g - a +0 vampiric dagger
Armour
 b - a +0 scale mail (worn)
 c - a +0 shield (worn)
 j - a +0 pair of gloves (worn)
Jewellery
 h - an uncursed ring of positive energy {unknown}
 i - a ring of wizardry (left hand)
 p - a cursed -3 ring of strength (right hand)
 r - an uncursed ring of fire {unknown}
Scrolls
 k - 2 scrolls of teleportation
 n - 3 scrolls of blinking
 t - a scroll of amnesia
Potions
 e - 3 potions of mutation
 l - 2 potions of curing {unknown}
 m - a potion of lignification {unknown}
 q - 2 potions of invisibility {unknown}
Comestibles
 f - 5 rations


   Skills:
 - Level 3.0 Fighting
 * Level 3.4 Polearms
 - Level 2.6 Armour
 * Level 4.0 Shields


You had 3 spell levels left.
You didn't know any spells.
Your spell library contained the following spells:

 Spells                   Type           Power        Failure   Level  Hunger
 Confusing Touch          Hex            #.....       86%         1    ##.....
 Confuse                  Hex            #.......     99%         3    ####...
 Gell's Gravitas          Tloc           #.........   99%         3    ####...
 Petrify                  Tmut/Erth      #.......     100%        4    #####..
 Metabolic Englaciation   Hex/Ice        #.........   100%        5    ######.
 Yara's Violent Unravell  Hex/Tmut       #.........   100%        5    ######.


Dungeon Overview and Level Annotations

Branches:
Dungeon (3/15)

Altars:
Elyvilon


Innate Abilities, Weirdness & Mutations

You have a pair of small horns on your head.


Message History

You block the orc wizard's attack.
You miss the orc wizard.
The orc wizard is moderately wounded.
The orc wizard gestures at you while chanting.
The magic dart hits you.
* * * LOW HITPOINT WARNING * * *
Unknown command.
You miss the orc wizard.
The orc wizard is moderately wounded.
The orc priest mumbles some strange prayers to Beogh against you.
Beogh smites you!
* * * LOW HITPOINT WARNING * * *
The orc wizard hits you but does no damage.
You block the orc priest's attack.
Unknown command.
You puncture the orc wizard!
The orc wizard is almost dead.
The orc wizard gestures at you while chanting.
The magic dart hits you.
You die...

..###..####.#........##
#.........#.#........#
#.#.#..#.............##
........................
..w#.#...............###
#$....w......#.#####.#
#..ooo..###.# #.#
####o#### #.# #.# #@#
#.# #.# #.# #.# #.# ...
#.. ..# ..... ##. ###
#.....# . #.>...#
#.....# #######


You could see a worm, 2 orc priests, an orc wizard and an orc.

Vanquished Creatures
  3 adders (D:2)
  2 oozes
  3 worms (D:2)
  2 dart slugs
  5 leopard geckos (D:2)
  2 orcs (D:3)
  A ball python (D:2)
  16 bats
  A giant cockroach (D:2)
  11 goblins
  8 hobgoblins
  5 kobolds (D:1)
  A quokka (D:2)
  3 rats
63 creatures vanquished.

Notes
Turn   | Place    | Note
-------+----------+-------------------------------------------
     0 | D:1      | floatRand the Demonspawn Fighter began the quest for the
                  | Orb.
     0 | D:1      | Reached XP level 1. HP: 18/18 MP: 1/1
    95 | D:1      | Reached skill level 3 in Shields
    95 | D:1      | Gained mutation: You have a pair of small horns on your
                  | head. [demonic ancestry]
    95 | D:1      | Reached XP level 2. HP: 24/24 MP: 2/2
   431 | D:1      | Reached XP level 3. HP: 28/29 MP: 3/3
  1089 | D:2      | Reached XP level 4. HP: 28/35 MP: 4/4
  1664 | D:2      | Found a white marble altar of Elyvilon.
  1913 | D:2      | Reached skill level 4 in Shields
  2258 | D:3      | Killed from afar by an orc wizard

Levels and vault maps discovered:
D:1:      dpeg_arrival_rooms_c, layout_loops_ring
D:2:      minmay_razor_zed, layout_basic, elyvilon_altar_3
D:3:      layout_loops_cross, chequers_ecumenical_altar_simple,
          serial_bayou_pond_e, uniq_terence

Skill      XL: |  1  2  3  4 |
---------------+-------------+-----
Polearms       | 2 3 |  3.4
Shields        | 3 4 |  4.0
Fighting       | |  3.0
Armour         | |  2.6

Action                   |  1- 3 |  4- 6 || total
-------------------------+-------+-------++-------
Melee: Trident           |   120 |   116 ||   236
       Headbutt          |    13 |    11 ||    24
  Use: Scroll            |       |     7 ||     7
       Potion            |       |     1 ||     1
  Eat: Chunk             |     1 |     4 ||     5
Armor: Scale mail        |    65 |    64 ||   129
Dodge: Dodged            |    35 |    41 ||    76
Block: Shield            |    80 |    51 ||   131

Table legend:
 A = Non-vault XP
 B = Vault XP
 C = Vault XP percentage of total XP
 D = Non-vault monster count
 E = Vault monster count
 F = Vault count percentage of total count
                 A         B        C        D         E       F
            +---------+---------+-------+---------+---------+-------
      Total |     135 |      40 |  22.9 |      52 |      11 |  17.5
            +---------+---------+-------+---------+---------+-------
        D:1 |      47 |       0 |   0.0 |      24 |       0 |   0.0
        D:2 |      80 |      40 |  33.3 |      25 |      11 |  30.6
        D:3 |       8 |       0 |   0.0 |       3 |       0 |   0.0
            +---------+---------+-------+---------+---------+-------
